AoeStats
← alexisoutch

Oasis

509916798Analyzed
3v3 RM · 4d ago on Sep 28, 2026· 48m 27s· 6 players
Game mode
Random Map
Map size
Normal (6 player)
Population
200
Speed
Normal
Resources
Standard
Victory
Conquest
Starting age
Dark Age
Ending age
Imperial Age
RankedLock teamsTeams togetherTeam positionsShared explorationLock speedFull tech treeHidden civsTurbo modeCheats
Victory
Defeat
🇨🇿 Varangians · Czechia
1144
+16
🇦🇷 Vietnamese · Argentina
1098
+18
🇨🇴 Mongols · Colombia
1071
+19
🇫🇷 Japanese · France
1168
-19
🇬🇧 Lithuanians · United Kingdom
1159
-18
🇫🇷 Italians · France
1105
-16
Ansscar
7:02 Loom
10:55 Feudal Age
11:31 Double-Bit Axe
12:37 Bloodlines
14:08 Horse Collar
17:42 Scale Barding Armor
20:50 Forging
25:18 Castle Age
24:39 Stone Mining
26:22 Chain Barding Armor
26:05 Husbandry
28:12 Iron Casting
31:01 Fletching
33:17 Bodkin Arrow
34:54 Bow Saw
35:12 Caravan
37:12 Wheelbarrow
37:31 Heavy Plow
39:12 Devotion
42:53 Imperial Age
40:49 Ballistics
41:22 Gold Mining
42:10 Town Watch
43:34 Gold Shaft Mining
43:34 Stone Shaft Mining
44:22 Conscription
43:55 Elite Steppe Lancer
45:41 Blast Furnace
45:52 Nomads
48:42 Drill
47:46 Capped Ram
Zelda
4:26 Loom
11:03 Feudal Age
11:29 Man-at-Arms
20:52 Castle Age
20:07 Bloodlines
20:16 Scale Barding Armor
20:09 Double-Bit Axe
22:11 Forging
22:59 Husbandry
25:58 Iron Casting
28:44 Wheelbarrow
29:22 Horse Collar
30:40 Hand Cart
35:53 Imperial Age
34:31 Chain Barding Armor
34:23 Gold Mining
35:30 Squires
35:16 Arson
35:17 Gambesons
36:40 Heavy Plow
37:27 Capped Ram
37:29 Cavalier
38:24 Vendel Legacy
39:25 Conscription
38:45 Siege Ram
40:18 Crop Rotation
39:45 Gothikon
40:20 Elite Varangian Guard
42:46 Scale Mail Armor
43:47 Blast Furnace
43:30 Bow Saw
44:30 Chain Mail Armor
43:46 Pikeman
44:19 Halberdier
47:12 Plate Mail Armor
Sharito♿
7:32 Loom
9:51 Feudal Age
12:45 Double-Bit Axe
12:51 Horse Collar
16:57 Fletching
17:30 Padded Archer Armor
19:25 Town Watch
21:39 Wheelbarrow
27:14 Castle Age
26:25 Gold Mining
26:28 Stone Mining
28:11 Leather Archer Armor
27:18 Elite Skirmisher
27:56 Bodkin Arrow
29:18 Hand Cart
30:11 Ballistics
29:35 Treadmill Crane
40:23 Imperial Age
38:07 Fortified Wall
41:34 Bracer
42:04 Ring Archer Armor
41:27 Imperial Skirmisher
44:28 Chemistry
48:37 Forging
Novax
7:08 Loom
9:48 Feudal Age
10:34 Man-at-Arms
11:10 Town Watch
17:52 Wheelbarrow
22:03 Fletching
22:51 Padded Archer Armor
26:31 Castle Age
26:39 Crossbowman
27:15 Bodkin Arrow
30:58 Double-Bit Axe
39:37 Imperial Age
44:10 Block Printing
44:31 Thumb Ring
44:02 Arbalester
44:43 Bracer
45:47 Chemistry
45:09 Ballistics
Manoow
11:39 Feudal Age
9:58 Loom
19:57 Fletching
20:07 Padded Archer Armor
22:58 Double-Bit Axe
28:07 Castle Age
28:10 Wheelbarrow
28:03 Gold Mining
28:04 Stone Mining
27:57 Horse Collar
28:10 Crossbowman
30:05 Bodkin Arrow
30:25 Leather Archer Armor
34:49 Bow Saw
34:39 Heavy Plow
36:02 Ballistics
36:33 Fortified Wall
37:11 Hand Cart
38:30 Town Watch
41:22 Bloodlines
40:34 Light Cavalry
41:15 Husbandry
41:27 Forging
41:22 Scale Barding Armor
45:15 Imperial Age
43:25 Chain Barding Armor
45:30 Hussar
47:11 Iron Casting
47:54 Plate Barding Armor
alexisoutch
5:35 Loom
10:10 Feudal Age
10:50 Double-Bit Axe
16:24 Bloodlines
16:16 Horse Collar
17:11 Forging
21:06 Castle Age
23:17 Wheelbarrow
23:50 Husbandry
30:14 Iron Casting
31:49 Hand Cart
31:25 Town Watch
33:49 Scale Barding Armor
34:07 Bow Saw
37:10 Horse Collar
39:31 Gold Mining
39:42 Heavy Plow
40:40 Fletching
41:11 Chain Barding Armor
43:40 Imperial Age
44:05 Cavalier
45:28 Plate Barding Armor
44:49 Bodkin Arrow
45:50 Paladin
47:43 Chemistry
47:51 Bracer
Connection lost

Rejoining the realm…

Still unreachable

The connection could not be restored.

Session expired

The server has moved on; the page needs a fresh start.